 Dungeon Crawl Stone Soup version 0.31-a0-18-gea43df2a32 (webtiles) character file.

Game seed: 4237676047309828496

92 dracfodder the Digger (level 4, -1/24 HPs)
             Began as a Gargoyle Earth Elementalist on May 9, 2023.
             Slain by a killer bee (8 damage)
             ... on level 6 of the Dungeon.
             The game lasted 00:08:08 (2156 turns).

dracfodder the Digger (Gargoyle Earth Elementalist) Turns: 2156, Time: 00:08:09

Health: -1/24      AC:  8    Str: 11    XL:     4   Next: 60%
Magic:  16/17      EV: 12    Int: 18    God:
Gold:   138        SH:  0    Dex: 10    Spells: 2/8 levels left

rFire   . . .        a - +2 hand axe (flame)
rCold   . . .        (no shield)
rNeg    + + .        l - +2 robe {rN+}
rPois   ∞            (no helmet)
rElec   +            (no cloak)
rCorr   .            f - +0 pair of gloves
SInv    .            (no boots)
Will    .....        (no amulet)
Stlth   ++           h - ring of magical power
HPRegen 0.24/turn    (no ring)
MPRegen 0.15/turn

%: no passive effects
@: flying, hasted, very quick
A: sickness immunity, AC +3, negative energy resistance 1, electricity
resistance, torment resistance 1, petrification resistance
a: no special abilities


You were on level 6 of the Dungeon.
You visited 1 branch of the dungeon, and saw 4 of its levels.

You collected 138 gold pieces.

Inventory:

Hand Weapons
 a - a +2 hand axe of flaming (weapon)
 b - a +1 dagger of holy wrath
Missiles
 j - 2 boomerangs
Armour
 f - a +0 pair of gloves (worn)
 l - a +2 robe of positive energy (worn)
Jewellery
 h - a ring of magical power (left hand)
Potions
 d - a potion of curing
 g - a potion of cancellation {unknown}
 i - a potion of lignification {unknown}
 k - a potion of magic
 m - a potion of invisibility {unknown}


   Skills:
 + Level 0.5 Axes
 + Level 1.8 Dodging
 + Level 2.6 Stealth
 + Level 2.7 Spellcasting
 * Level 1.7 Conjurations
 + Level 0.7 Transmutations
 + Level 4.6 Earth Magic


You had 2 spell levels left.
You knew the following spells:

 Your Spells              Type           Power      Damage    Failure   Level
a - Sandblast             Erth           38%        2d10      2%          1
b - Passwall              Tmut/Erth      10%        N/A       9%          2
c - Stone Arrow           Conj/Erth      26%        3d8       14%         3

Your spell library contained the following spells:

 Spells                   Type           Power      Damage    Failure   Level
 Freeze                   Ice            8%         1d3       17%         1
 Hailstorm                Conj/Ice       5%         3d4       34%         3
 Frozen Ramparts          Ice            4%         1d1       45%         3
 Petrify                  Tmut/Erth      12%        N/A       50%         4


Dungeon Overview and Level Annotations

Branches:
Dungeon (3/15)

Altars:
Xom


Innate Abilities, Weirdness & Mutations

You are immune to sickness and miasma.
Your stone body is resilient. (AC +3)
You are immune to poison.
You resist negative energy. (rN+)
You are resistant to electric shocks. (rElec)
You are resistant to unholy torment.
You are immune to petrification.


Message History

The killer bee completely misses you. The killer bee closely misses you.
You closely miss the killer bee.
The killer bee is moderately wounded.
The killer bee barely misses you. The killer bee stings you. x2
* * * LOW HITPOINT WARNING * * *
You miss the killer bee.
The killer bee is moderately wounded.
The killer bee stings you.
* * * LOW HITPOINT WARNING * * *
The killer bee misses you.
It was a potion of curing.
You feel better. The killer bee misses you. The killer bee stings you.
You miss the killer bee.
The killer bee is moderately wounded.
The killer bee barely misses you. The killer bee completely misses you.
The killer bee closely misses you.
You miss the killer bee.
The killer bee is moderately wounded.
The killer bee stings you but does no damage.
The killer bee stings you!
* * * LOW HITPOINT WARNING * * *
You feel better. The killer bee stings you. x2
Casting: Sandblast (safe; 2% risk of failure)
Confirm with . or Enter, or press ? or * to list all spells.
The spell is quite dangerous to miscast (14% risk of failure)!
Continue anyway?
Okay, then.
Aiming: Sandblast (safe; 2% risk of failure)
Press: ? - help, Q - select action, (/) - cycle Shift-Dir - straight line, f/p - killer bee
Aim: a killer bee (moderately wounded, 63% to hit)
The blast of sand hits the killer bee!
The killer bee is almost dead.
The killer bee stings you.
* * * LOW HITPOINT WARNING * * *
The killer bee stings you but does no damage.
The killer bee barely misses you.
It was a potion of haste.
You feel yourself speed up.
The killer bee stings you but does no damage. x2
You feel very buoyant.
You fly up into the air.
The killer bee stings you!
You die... #....# #.... #.... #... #... yy#

#y# #@# ###.#
#..##...#
#......#
#..#.........
....
+.........
###
#.........
#.........
..........


You could see 3 killer bees.

Vanquished Creatures
  Jessica (D:2)
  2 adders
  A worm (D:2)
  4 endoplasms (D:1)
  4 giant cockroaches
  5 goblins
  6 hobgoblins
  4 kobolds (D:1)
  A quokka (D:1)
  4 ball pythons
  5 bats
  2 frilled lizards (D:1)
  3 rats
42 creatures vanquished.

Notes
Turn   | Place    | Note
-------+----------+-------------------------------------------
     0 | D:1      | dracfodder the Gargoyle Earth Elementalist began the quest
                  | for the Orb.
     0 | D:1      | Reached XP level 1. HP: 10/10 MP: 3/3
    52 | D:1      | Reached XP level 2. HP: 6/15 MP: 3/5
    55 | D:1      | Learned a level 2 spell: Passwall
   428 | D:1      | Reached skill level 4 in Earth Magic
   480 | D:1      | Reached XP level 3. HP: 19/19 MP: 1/6
   534 | D:1      | Learned a level 3 spell: Stone Arrow
   588 | D:1      | Reached skill level 1 in Conjurations
  1257 | D:2      | Noticed Jessica
  1266 | D:2      | Killed Jessica
  1267 | D:2      | Reached XP level 4. HP: 9/24 MP: 7/7
  1608 | D:2      | Found a shimmering altar of Xom.
  2134 | D:3      | You fall into a shaft and drop 3 floors!
  2156 | D:6      | Slain by a killer bee

Illustrated notes

Levels and vault maps discovered:
D:1:      dpeg_arrival_morbid_curiosity, layout_basic, serial_forest,
          infiniplex_forest_straight_4, infiniplex_forest_clump_C,
          infiniplex_forest_clump_medium, infiniplex_forest_corner_1,
          infiniplex_forest_lined_room_2
D:2:      layout_rooms, basic_altar, chequers_mini_garden, dk_noncrumbling_4,
          minmay_misc_feat_rugged, grunt_decor_junction, dreamdust_wishing_well,
          uniq_jessica
D:3:      layout_basic, mainiacjoe_overflow_paths
D:6:      layout_basic, mainiacjoe_overflow_alcove_1, serial_demonic,
          serial_demonic_e, serial_demonic_c, serial_demonic_c,
          serial_demonic_a, serial_demonic_c, serial_demonic_a,
          serial_demonic_b, serial_demonic_b, nicolae_zen_rock_garden,
          uniq_edmund

Skill      XL: |  1  2  3 |
---------------+----------+-----
Earth Magic    | 4 |  4.6
Conjurations   | 1 |  1.7
Axes           | |  0.5
Dodging        | |  1.8
Stealth        | |  2.6
Spellcasting   | |  2.7
Transmutations | |  0.7

Action                     |  1- 3 |  4- 6 || total
---------------------------+-------+-------++-------
  Melee: Hand axe          |     6 |    18 ||    24
   Cast: Sandblast         |    38 |    24 ||    62
         Stone Arrow       |       |     1 ||     1
    Use: Scroll            |       |     5 ||     5
         Potion            |       |     4 ||     4
   Stab: Sleeping          |       |     2 ||     2
 Armour: Robe              |     6 |    15 ||    21
  Dodge: Dodged            |    11 |    30 ||    41

Table legend: (Time is in decaauts)
 A = Elapsed time spent in this place.
 B = Non-inter-level travel time spent in this place.
 C = Inter-level travel time spent in this place.
 D = Time resting spent in this place.
 E = Time spent auto-exploring this place.
 F = Levels seen in this place.
 G = Mean time per level.
                   A        B        C        D        E       F      G
               +--------+--------+--------+--------+--------+-----+--------+
         Total |   2191 |   2104 |     87 |    184 |   1606 |   4 |  547.8 |
       Dungeon |   2191 |   2104 |     87 |    184 |   1606 |   4 |  547.8 |
               +--------+--------+--------+--------+--------+-----+--------+

Top non-repeatable levels by time:
     D:1: 1264 daAuts
     D:2: 717 daAuts
     D:3: 184 daAuts
     D:6: 26 daAuts
